 Dungeon Crawl Stone Soup version 0.24.0-35-gdb84b6a5db (webtiles) character file.

Game seed: 11350766902784068613, levelgen mode: deterministic

412 Nattfarinn the Skirmisher (level 6, -2/58 HPs)
             Began as a Hill Orc Fighter on Nov 18, 2019.
             Slain by an ogre
             ... wielding a +0 giant spiked club
              (22 damage)
             ... on level 4 of the Dungeon.
             The game lasted 00:05:07 (2991 turns).

Nattfarinn the Skirmisher (Hill Orc Fighter)        Turns: 2991, Time: 00:05:07

Health: -2/58      AC:  7    Str: 19    XL:     6   Next: 90%
Magic:  6/6        EV:  7    Int: 13    God:
Gold:   121        SH:  9    Dex: 11    Spells: 5/5 levels left

rFire    + + .     SeeInvis .   a - +0 war axe
rCold    . . .     Gourm    .   c - +0 shield
rNeg     . . .     Faith    .   b - +0 scale mail
rPois    .         Spirit   .   (no helmet)
rElec    .         Reflect  .   h - scarf {rC+ rF+}
rCorr    .         Harm     .   (no gloves)
MR       .....                  (no boots)
Stlth    ..........             (no amulet)
HPRegen  0.19/turn              r - ring "Ymutiasee" {Fire Int+4}
MPRegen  0.10/turn              (no ring)

@: no status effects
A: no striking features
a: no special abilities


You were on level 4 of the Dungeon.
You were not hungry.

You visited 1 branch of the dungeon, and saw 4 of its levels.

You collected 121 gold pieces.

Inventory:

Hand Weapons
 a - a +0 war axe (weapon)
Armour
 b - a +0 scale mail (worn)
 c - a +0 shield (worn)
 h - a scarf of resistance (worn)
Jewellery
 r - the ring "Ymutiasee" (left hand) {Fire Int+4}
   (You found it on level 4 of the Dungeon)

   [ring of fire]

   It enhances your fire magic.
   It affects your intelligence (+4).
   It protects you from fire.
   It makes you vulnerable to cold.
Scrolls
 e - 3 scrolls of remove curse {unknown}
 g - 4 scrolls of identify {unknown}
 i - a scroll of fear {unknown}
 j - a scroll of amnesia {unknown}
 l - 2 scrolls of enchant armour {unknown}
 m - a scroll of magic mapping {unknown}
 q - a scroll of enchant weapon {unknown}
Potions
 d - 2 potions of might
 n - a potion of mutation {unknown}
 o - 2 potions of brilliance {unknown}
 p - a potion of curing
Comestibles
 f - 7 rations


   Skills:
 * Level 6.3 Fighting
 + Level 4.8 Axes
 + Level 4.6 Armour
 + Level 4.7 Shields


You had 5 spell levels left.
You didn't know any spells.
Your spell library was empty.

Dungeon Overview and Level Annotations

Branches:
Dungeon (4/15)             Temple (0/1) D:4

Altars:
Nemelex Xobeh

Shops:
D:4 (


Message History

You slash the centaur zombie!
The centaur zombie is almost destroyed.
You block the centaur zombie's attack. The centaur zombie barely misses you.
You slash the centaur zombie!
You destroy the centaur zombie!
You hit the ogre.
The ogre hits you with a +0 giant spiked club!
You slash the ogre!
The ogre is severely wounded.
You block the ogre's attack.
Your shield and scale mail prevent you from hitting the ogre.
The ogre is severely wounded.
The ogre hits you with a +0 giant spiked club!!
You are too injured to fight recklessly!
You are too injured to fight recklessly!
You are too injured to fight recklessly!
You slash the ogre!
The ogre is almost dead.
The ogre hits you with a +0 giant spiked club!!
You die...

##...#...####
#.# ## ##
##..#......#
#.# ###. .#
#.<#.<.##.#
#.# ###... .#
##.#...##.#
#.###..).. .#
#.#...##.#
#........# .#
#.....##.#
#......### ##
##.#.###.#
##...###
#....##.#
#####
#...@##+#
#...O.......
#..>........
#.#.........
#....?......
####........
#........
#........


You could see an ogre.

Vanquished Creatures
  An ogre (D:4)
  A howler monkey (D:4)
  A centaur zombie (D:4)
  A hound (D:4)
  A worker ant (D:4)
  Natasha (thrice) (D:3)
  A hound skeleton (D:3)
  2 worker ant zombies (D:3)
  4 adders
  An adder skeleton (D:3)
  An adder zombie (D:3)
  5 worms
  A dart slug (D:2)
  2 leopard geckos (D:3)
  2 orcs
  4 giant cockroaches
  4 hobgoblins
  3 kobolds
  A bat (D:3)
  4 frilled lizards
  A giant cockroach zombie (D:3)
  4 goblins
  A jackal skeleton (D:3)
  A leopard gecko zombie (D:3)
  A rat (D:3)
51 creatures vanquished.

Notes
Turn   | Place    | Note
-------+----------+-------------------------------------------
     0 | D:1      | Nattfarinn the Hill Orc Fighter began the quest for the
                  | Orb.
     0 | D:1      | Reached XP level 1. HP: 19/19 MP: 1/1
   110 | D:1      | You fall into a shaft and drop 1 floor!
   114 | D:2      | Reached skill level 4 in Fighting
   114 | D:2      | Reached XP level 2. HP: 24/27 MP: 2/2
   149 | D:2      | Reached XP level 3. HP: 13/33 MP: 3/3
  1253 | D:3      | Found a sparkling altar of Nemelex Xobeh.
  1586 | D:3      | Reached XP level 4. HP: 41/41 MP: 4/4
  1921 | D:3      | Reached skill level 5 in Fighting
  1921 | D:3      | Reached XP level 5. HP: 47/48 MP: 5/5
  2293 | D:3      | Noticed Natasha
  2300 | D:3      | Killed Natasha
  2389 | D:3      | Noticed Natasha
  2402 | D:3      | Killed Natasha
  2482 | D:3      | Noticed Natasha
  2488 | D:3      | Killed Natasha
  2619 | D:4      | Reached XP level 6. HP: 47/57 MP: 6/6
  2633 | D:4      | Found Obebotu's Antique Weapon Boutique.
  2815 | D:4      | Found a staircase to the Ecumenical Temple.
  2822 | D:4      | Reached skill level 6 in Fighting
  2827 | D:4      | Got a serpentine wooden ring
  2828 | D:4      | Identified the ring "Ymutiasee" {Fire Int+4} (You found it
                  | on level 4 of the Dungeon)
  2991 | D:4      | Slain by an ogre

Levels and vault maps discovered:
D:1:      psy_arrival_radial01, layout_loops_ring, serial_bayou,
          serial_bayou_pond_c, serial_bayou_pond_d, serial_bayou_lagoon_a,
          serial_bayou_pond_b, st_stairs_9
D:2:      layout_loops_ring
D:3:      layout_loops_ring, nemelex_xobeh_ov_fountains_minmay, serial_undead,
          serial_undead_d, serial_undead_c, serial_undead_b, serial_undead_f,
          serial_undead_a, serial_undead_c, uniq_natasha
D:4:      layout_basic, minmay_temple_entry_wispy, serial_curves,
          eino_curves_01, eino_curves_01, serial_shops,
          nicolae_shop_overgrown_old_shop, first_ration

Skill      XL: |  1  2  3  4  5  6 |
---------------+-------------------+-----
Fighting       | 4 5 6 |  6.3
Axes           | 3 4 |  4.8
Shields        | 4 |  4.7
Armour         | 4 |  4.6

Action                   |  1- 3 |  4- 6 || total
-------------------------+-------+-------++-------
Melee: War axe           |    91 |   138 ||   229
  Use: Potion            |     1 |       ||     1
  Eat: Chunk             |     2 |     2 ||     4
       Ration            |       |     1 ||     1
Armor: Scale mail        |    41 |    60 ||   101
Dodge: Dodged            |    28 |    46 ||    74
Block: Shield            |    36 |    65 ||   101
